 Dungeon Crawl Stone Soup version 0.31-a0-700-gf13585253f (webtiles) character file.

Game seed: 2444929859127273416

961 gruber the Destroyer (level 7, -3/36 HPs)
             Began as a Deep Elf Conjurer on Sept 7, 2023.
             Was a Follower of Vehumet.
             Slain by an orc warrior
             ... wielding a +0 mace
              (9 damage)
             ... on level 6 of the Dungeon.
             The game lasted 00:05:46 (6157 turns).

gruber the Destroyer (Deep Elf Conjurer)            Turns: 6157, Time: 00:05:46

Health: -3/36      AC:  2    Str:  4    XL:     7   Next: 92%
Magic:  4/17       EV: 17    Int: 25    God:    Vehumet [*.....]
Gold:   185        SH:  0    Dex: 13    Spells: 10/17 levels left

rFire   . . .        (no weapon)
rCold   . . .        (no shield)
rNeg    + . .        a - +0 robe
rPois   .            (no helmet)
rElec   +            r - scarf {shadows}
rCorr   .            (no gloves)
SInv    .            (no boots)
Will    .....        t - amulet "Okhied Heen" {rElec Regen+}
Stlth   ++           m - ring of positive energy
HPRegen 1.06/turn    q - +5 ring of evasion
MPRegen 0.15/turn

%: no passive effects
@: no status effects
A: no striking features
a: Renounce Religion


You were on level 6 of the Dungeon.
You worshipped Vehumet.
Vehumet was aware of your devotion.
You visited 2 branches of the dungeon, and saw 7 of its levels.

You collected 367 gold pieces.
You spent 182 gold pieces at shops.

Inventory:

Missiles
 s - a throwing net
Armour
 a - a +0 robe (worn)
 r - a scarf of shadows (worn)
 y - the +3 leather armour "Lokau" {+Blink +Inv Dex-4}
   (You bought it in a shop on level 5 of the Dungeon)

   Dex-4:     It affects your dexterity (-4).
   +Inv:      It lets you turn invisible.
   +Blink:    It lets you blink.
Jewellery
 m - a ring of positive energy (left hand)
 q - a +5 ring of evasion (right hand)
 t - the amulet "Okhied Heen" (around neck) {rElec Regen+}
   (You found it on level 4 of the Dungeon)

   [amulet of regeneration]

   rElec:     It insulates you from electricity.
   Regen+:    It increases your rate of health regeneration.
Wands
 p - a wand of mindburst (13)
 w - a wand of charming (11)
 A - a wand of flame (9)
Scrolls
 d - 4 scrolls of enchant weapon {unknown}
 i - 2 scrolls of teleportation {unknown}
 j - a scroll of enchant armour {unknown}
 l - 5 scrolls of identify {unknown}
 n - a scroll of silence {unknown}
 u - a scroll of torment {unknown}
 x - a scroll of butterflies {unknown}
 z - 2 scrolls of blinking {unknown}
Potions
 b - a potion of magic
 c - 5 potions of curing {unknown}
 e - a potion of degeneration {unknown}
 f - 2 potions of lignification {unknown}
 g - a potion of invisibility {unknown}
 h - 2 potions of might {unknown}
 k - 2 potions of mutation {unknown}
 o - a potion of cancellation {unknown}
 v - a potion of brilliance {unknown}


   Skills:
 - Level 2.4 Dodging
 - Level 2.4 Stealth
 * Level 5.5 Spellcasting
 - Level 10.2 Conjurations


You had 10 spell levels left.
You knew the following spells:

 Your Spells              Type           Power      Damage    Failure   Level
a - Magic Dart            Conj           100%       1d8       1%          1
b - Searing Ray           Conj           100%       2d8       1%          2
c - Iskenderun's Mystic   Conj/Tloc      32%        2d8       10%         4

Your spell library contained the following spells:

 Spells                   Type           Power      Damage    Failure   Level
 Shock                    Conj/Air       100%       1d9       1%          1
 Dazzling Flash           Conj/Hex       64%        N/A       2%          3
 Fulminant Prism          Conj/Hex       16%        3d11      10%         4
 Ozocubu's Armour         Ice            6%         N/A       24%         3
 Metabolic Englaciation   Hex/Ice        3%         N/A       91%         5
 Simulacrum               Ice/Necr       3%         N/A       100%        6


Dungeon Overview and Level Annotations

Branches:
Dungeon (6/15)             Temple (1/1) D:4

Altars:
Cheibriados
Dithmenos
Elyvilon
Fedhas
Gozag
Hepliaklqana
Kikubaaqudgha
Makhleb
Okawaru
Qazlal
Ru
Sif Muna
Trog
Uskayaw
Vehumet
Wu Jian
Xom
Yredelemnul
Zin
The Shining One

Shops:
D:5 *([[*


Message History

The orc warrior hits you with a +0 mace!
Casting: Searing Ray (safe; 1% risk of failure)
Confirm with . or Enter, or press ? or * to list all spells.
Aiming: Searing Ray (safe; 1% risk of failure)
Press: ? - help, Shift-Dir - straight line, f/p - orc warrior
Aim: an orc warrior, wielding a +0 mace and wearing a +0 plate armour (severely wounded, 83% to hit)
The searing ray misses the orc warrior. (Press . to maintain the ray.)
The orc warrior hits you with a +0 mace!
The searing ray hits the orc warrior but does no damage.
The orc warrior is severely wounded.
The orc warrior closely misses you.
The searing ray hits the orc warrior.
The orc warrior is severely wounded.
The orc completely misses you.
The orc warrior hits you with a +0 mace!
The searing ray hits the orc warrior.
The orc warrior is almost dead.
You finish channelling your searing ray.
The orc barely misses you. The orc warrior closely misses you.
The orc attacks as it pursues you! The orc hits you with a +0 whip.
The orc warrior attacks as it pursues you!
The orc warrior hits you with a +0 mace!
* * * LOW HITPOINT WARNING * * *
Casting: Searing Ray (safe; 1% risk of failure)
Confirm with . or Enter, or press ? or * to list all spells.
Aiming: Searing Ray (safe; 1% risk of failure)
Press: ? - help, Shift-Dir - straight line, f - orc, p - orc warrior
Aim: an orc, wielding a +0 whip (83% to hit)
The searing ray misses the orc warrior.
The searing ray misses the orc. (Press . to maintain the ray.)
The orc warrior hits you with a +0 mace.
* * * LOW HITPOINT WARNING * * *
Unknown command.
The searing ray hits the orc warrior but does no damage.
The orc warrior is almost dead.
The searing ray hits the orc.
The orc is almost dead.
The orc warrior hits you with a +0 mace!
You die...

#. #####. ###.#
......###..#.#
.....).#..?..#.
..........$....
.....).......# #.#
#..........# #.#
#...#oo...## #.#
#....@.....# #.#
#######..........# #.#
.................. ####.#
..........#.....## #.##.#
..........##....# #.<..#
...###......###.#### ##.###
.# ##.#.....#....#####.###
..# #..###..####.#........
...####..##.............###


You could see an orc warrior and an orc.

Vanquished Creatures
  2 black bears
  2 ogres (D:5)
  A phantom (D:4)
  2 scorpions
  A jelly (D:6)
  A sleepcap (D:5)
  2 iguanas (D:5)
  Ijyb (D:3)
  Natasha (D:4)
  5 gnolls
  10 adders
  3 worms
  3 dart slugs
  12 orcs
  6 ball pythons
  4 bats
  8 endoplasms
  3 giant cockroaches
  4 hobgoblins
  8 jackals
  A quokka (D:4)
  5 frilled lizards
  8 goblins
  2 kobolds
  5 rats
100 creatures vanquished.

Notes
Turn   | Place    | Note
-------+----------+-------------------------------------------
     0 | D:1      | gruber the Deep Elf Conjurer began the quest for the Orb.
     0 | D:1      | Reached XP level 1. HP: 10/10 MP: 6/6
   143 | D:1      | You fall into a shaft and drop 1 floor!
   299 | D:2      | Reached XP level 2. HP: 14/15 MP: 2/8
   365 | D:1      | Reached skill level 5 in Conjurations
  1360 | D:2      | Reached XP level 3. HP: 19/19 MP: 6/9
  1542 | D:3      | Learned a level 2 spell: Searing Ray
  1990 | D:2      | Reached skill level 6 in Conjurations
  2457 | D:3      | Reached XP level 4. HP: 24/24 MP: 5/10
  2879 | D:3      | Noticed Ijyb
  2920 | D:3      | HP: 1/24 [Ijyb/+0 dagger (1)]
  2921 | D:3      | Killed Ijyb
  3171 | D:3      | Found a sacrificial altar of Ru.
  3173 | D:3      | Found a shimmering altar of Xom.
  3173 | D:3      | Found an ornate altar of the Wu Jian Council.
  3173 | D:3      | Found a blossoming altar of Fedhas.
  3179 | D:3      | Found a glowing golden altar of the Shining One.
  3179 | D:3      | Found a burning altar of Makhleb.
  3498 | D:4      | Noticed a phantom
  3503 | D:4      | Killed a phantom
  3504 | D:4      | Reached skill level 7 in Conjurations
  3504 | D:4      | Reached XP level 5. HP: 20/28 MP: 1/11
  3920 | D:4      | Identified the amulet "Okhied Heen" {rElec Regen+}
  3997 | D:4      | Found a staircase to the Ecumenical Temple.
  4025 | Temple   | Entered the Ecumenical Temple
  4121 | Temple   | Became a worshipper of Vehumet
  4149 | D:4      | Learned a level 4 spell: Iskenderun's Mystic Blast
  4280 | D:4      | Reached skill level 8 in Conjurations
  4280 | D:4      | Reached XP level 6. HP: 32/32 MP: 6/12
  4352 | D:4      | Noticed Natasha
  4355 | D:4      | Killed Natasha
  4532 | D:5      | Entered Level 5 of the Dungeon
  4551 | D:5      | Found Ylotedeu's General Store.
  4756 | D:5      | Reached skill level 9 in Conjurations
  4872 | D:5      | Found Nesoav's Antique Armour Boutique.
  4875 | D:5      | Bought a shimmering leather armour for 182 gold pieces
  4875 | D:5      | Identified the +3 leather armour "Lokau" {+Blink +Inv
                  | Dex-4} (You bought it in a shop on level 5 of the Dungeon)
  5023 | D:5      | Reached XP level 7. HP: 36/36 MP: 2/13
  5119 | D:5      | Found Cos Juwk's Antique Armour Boutique.
  5460 | D:5      | Found Yleubeog's Assorted Antiques.
  5468 | D:5      | Reached skill level 10 in Conjurations
  5549 | D:5      | Found Ewah's Weapon Shoppe.
  5556 | D:5      | Reached * piety under Vehumet
  5556 | D:5      | Offered knowledge of Shock by Vehumet.
  5968 | D:6      | Reached skill level 5 in Spellcasting
  6157 | D:6      | Slain by an orc warrior

Illustrated notes

Levels and vault maps discovered:
D:1:      dpeg_arrival_simpleton_c, layout_basic
D:2:      layout_loops_ring, chequers_serial_rivers_micro_e, minmay_pentomino_q2
D:3:      layout_basic, minmay_overflow_temple_hex, hangedman_glass_teeth,
          kennysheep_potato, uniq_ijyb
D:4:      minmay_evil_eye, layout_rooms, minmay_temple_entry_ruins, uniq_natasha
D:5:      layout_loops_corners, serial_shops, nicolae_shop_bloodbath_and_beyond,
          shop, shop, nicolae_shop_tiny_real_fake_doors, shop
D:6:      layout_rooms, serial_co_window_serial, co_window_paths_a,
          co_window_corner_a, co_window_paths_a, co_window_of_opportunity_a,
          co_window_cross_1, co_window_paths_b, co_window_of_opportunity_b,
          co_window_unsneaky_path_e, co_window_broadway_a,
          co_window_of_opportunity_c, co_window_broadway_b
Temple:   nicolae_temple_superstar

Skill      XL: |  1  2  3  4  5  6  7 |
---------------+----------------------+-----
Conjurations   | 5 6 7 8 9 10 | 10.2
Spellcasting   | 5 |  5.5
Dodging        | |  2.4
Stealth        | |  2.4

Action                     |  1- 3 |  4- 6 |  7- 9 || total
---------------------------+-------+-------+-------++-------
  Melee: Unarmed           |     1 |     6 |       ||     7
         Punch             |       |     1 |       ||     1
   Cast: Magic Dart        |    81 |    83 |    17 ||   181
         Searing Ray       |     1 |    16 |    12 ||    29
 Armour: Robe              |    14 |    13 |     9 ||    36
  Dodge: Dodged            |    18 |    20 |     5 ||    43

Table legend: (Time is in decaauts)
 A = Elapsed time spent in this place.
 B = Non-inter-level travel time spent in this place.
 C = Inter-level travel time spent in this place.
 D = Time resting spent in this place.
 E = Time spent auto-exploring this place.
 F = Levels seen in this place.
 G = Mean time per level.
                   A        B        C        D        E       F      G
               +--------+--------+--------+--------+--------+-----+--------+
         Total |   6157 |   6031 |    126 |    286 |   5191 |   7 |  879.6 |
       Dungeon |   6050 |   5946 |    104 |    286 |   5106 |   6 | 1008.3 |
        Temple |    107 |     86 |     21 |      0 |     85 |   1 |  107.0 |
               +--------+--------+--------+--------+--------+-----+--------+

Top non-repeatable levels by time:
     D:5: 1404 daAuts
     D:3: 1208 daAuts
     D:2: 1101 daAuts
     D:1: 1065 daAuts
     D:4: 1050 daAuts
     D:6: 219 daAuts
  Temple: 107 daAuts
